 Dungeon Crawl Stone Soup version 0.30-a0-140-gd1020e658a (webtiles) character file.

Game seed: 17431469642158499291

184 KennySheep the Digger (level 5, -1/42 HPs)
             Began as a Naga Earth Elementalist on Sept 25, 2022.
             Was an Initiate of Cheibriados.
             Slain by an iguana (12 damage)
             ... on level 4 of the Dungeon.
             The game lasted 00:09:01 (3349 turns).

KennySheep the Digger (Naga Earth Elementalist)     Turns: 3349, Time: 00:09:01

Health: -1/42      AC:  3    Str: 11    XL:     5   Next: 64%
Magic:  1/9        EV: 10    Int: 25    God:    Cheibriados [......]
Gold:   113        SH:  0    Dex: 12    Spells: 3/9 levels left

rFire   . . .      SeeInvis +    a - staff of conjuration
rCold   . . .      Faith    .    (no shield)
rNeg    . . .      Spirit   .    j - +0 robe
rPois   +          Reflect  .    (no helmet)
rElec   .          Harm     .    g - +0 cloak
rCorr   +          Rampage  .    (no gloves)
Will    .....                    (no barding)
Stlth   ++........               p - amulet of regeneration
HPRegen 0.94/turn                n - ring of resist corrosion
MPRegen 0.11/turn                s - +6 ring of intelligence

@: very slow
A: AC +1, large, see invisible, deformed body, poison resistance, slowness 2,
spit poison 1, naga tail 1
a: Spit Poison, Renounce Religion


You were on level 4 of the Dungeon.
You worshipped Cheibriados.
Cheibriados was noncommittal.
You visited 1 branch of the dungeon, and saw 4 of its levels.

You collected 113 gold pieces.

Inventory:

Hand Weapons
 b - a +4 dagger of electrocution
Armour
 g - a +0 cloak (worn)
 j - a +0 robe (worn)
Magical Staves
 a - a staff of conjuration (weapon)
Jewellery
 n - a ring of resist corrosion (left hand)
 p - an amulet of regeneration (around neck)
 s - a +6 ring of intelligence (right hand)
Scrolls
 c - a scroll of teleportation
 e - a scroll of fog {unknown}
 i - 3 scrolls of enchant weapon
 l - a scroll of vulnerability
 m - a scroll of fear
Potions
 d - a potion of haste
 f - a potion of curing {unknown}
 h - a potion of might {unknown}
 k - 3 potions of cancellation
 o - a potion of magic
 q - a potion of attraction {unknown}
 r - a potion of flight {unknown}
 t - a potion of mutation {unknown}


   Skills:
 + Level 1.1 Staves
 - Level 1.5 Dodging
 - Level 3.7 Stealth
 + Level 2.6 Spellcasting
 * Level 1.7 Conjurations
 - Level 2.1 Transmutations
 * Level 4.3 Earth Magic
 + Level 1.0 Evocations


You had 3 spell levels left.
You knew the following spells:

 Your Spells              Type           Power      Damage    Failure   Level
a - Sandblast             Erth           48%        2d12      1%          1
b - Passwall              Tmut/Erth      15%        N/A       4%          2
c - Stone Arrow           Conj/Erth      54%        3d10      9%          3

Your spell library contained the following spells:

 Spells                   Type           Power      Damage    Failure   Level
 Petrify                  Tmut/Erth      19%        N/A       28%         4


Dungeon Overview and Level Annotations

Branches:
Dungeon (4/15)
 Temple: D:4-7

Altars:
Cheibriados
Nemelex Xobeh
Vehumet

Portals:
Abyss: D:3

Annotations:
D:3 exclusion: 13 doors, juncz's ghost, amateur DjCj


Innate Abilities, Weirdness & Mutations

Your serpentine skin is tough. (AC +1)
You have supernaturally acute eyesight. (SInv)
Armour fits poorly on your strangely shaped body.
Your system is resistant to poisons. (rPois)
You cover ground very slowly.
You can spit poison.
You have a snake-like lower body.


Message History

Press: ? - help, Q - select action, (/) - cycle Shift-Dir - straight line, f/p - orc wizard
Aim: an orc wizard, wielding a +2 dagger of venom and wearing a +0 robe (severely wounded, 79% to hit)
The blast of sand hits the orc wizard!!
You kill the orc wizard!
Cheibriados appreciates the change of pace.
The orc barely misses you. The orc hits you but does no damage.
Your Evocations skill increases to level 1!
Aiming: Sandblast (safe; 1% risk of failure)
Press: ? - help, Q - select action, (/) - cycle Shift-Dir - straight line, f - orc
Aim: an orc, wielding a +0 hand axe and wearing a +0 ring mail (85% to hit)
The blast of sand hits the orc!
You kill the orc!
Cheibriados thoroughly appreciates the change of pace.
Aiming: Sandblast (safe; 1% risk of failure)
Press: ? - help, Q - select action, (/) - cycle Shift-Dir - straight line, f - iguana
Aim: an iguana (85% to hit)
The blast of sand hits the iguana.
The iguana is lightly wounded.
The iguana bites you!
You hit the iguana.
The iguana is moderately wounded.
The iguana closely misses you.
You hit the iguana.
The iguana is heavily wounded.
The iguana bites you.
You hit the iguana.
The iguana is severely wounded.
The iguana barely misses you.
You hit the iguana but do no damage.
The iguana is severely wounded.
The iguana closely misses you.
You hit the iguana but do no damage.
The iguana is severely wounded.
The iguana bites you.
You hit the iguana.
The iguana is almost dead.
The iguana bites you!
* * * LOW HITPOINT WARNING * * *
The iguana bites you!
You die...

....... ....###
........+.......
........#..[..##
#..#............ .
.............>. .
#............. .
#............. .
#.....@l...... .
#......)...... +#.
+............. ...#
####...).)....... ....
#..'............. ..#
#.##.............
..####+#.##.........#+#.
..#.........####..###
..#.........# ...#


You could see an iguana.

Vanquished Creatures
  A phantom (D:3)
  An orc wizard (D:4)
  3 adders
  A dart slug (D:1)
  4 orcs
  3 endoplasms
  2 giant cockroaches
  10 goblins
  6 hobgoblins
  6 kobolds
  A quokka (D:4)
  2 ball pythons (D:2)
  7 bats
  3 frilled lizards
  4 rats
54 creatures vanquished.

Vanquished Creatures (others)
  7 plants (D:3)
7 creatures vanquished.

Grand Total: 61 creatures vanquished

Notes
Turn   | Place    | Note
-------+----------+-------------------------------------------
     0 | D:1      | KennySheep the Naga Earth Elementalist began the quest for
                  | the Orb.
     0 | D:1      | Reached XP level 1. HP: 15/15 MP: 3/3
   225 | D:1      | Reached XP level 2. HP: 22/22 MP: 3/5
   228 | D:1      | Learned a level 2 spell: Passwall
   805 | D:2      | Reached XP level 3. HP: 18/28 MP: 2/6
   931 | D:2      | You fall into a shaft and drop 1 floor!
  1058 | D:3      | Noticed a phantom
  1474 | D:2      | Learned a level 3 spell: Stone Arrow
  1893 | D:3      | Reached XP level 4. HP: 35/36 MP: 5/7
  2078 | D:3      | Found a transporter.
  2085 | D:3      | Found a one-way gate to the infinite horrors of the Abyss.
  2085 | D:3      | Noticed a kobold brigand
  2085 | D:3      | Noticed juncz's ghost (amateur DjCj)
  2085 | D:3      | Noticed a toenail golem
  2166 | D:3      | Found a transporter.
  2211 | D:3      | Found a faded altar of an unknown god.
  2211 | D:3      | Found a faded altar of an unknown god.
  2216 | D:3      | Found a snail-covered altar of Cheibriados.
  2222 | D:3      | Found a sparkling altar of Nemelex Xobeh.
  2223 | D:3      | Found a radiant altar of Vehumet.
  2226 | D:3      | Became a worshipper of Cheibriados the Contemplative
  2263 | D:3      | Found a faded altar of an unknown god.
  2304 | D:3      | Killed a phantom
  2305 | D:3      | Reached skill level 1 in Conjurations
  2305 | D:3      | Reached skill level 4 in Earth Magic
  2305 | D:3      | Reached XP level 5. HP: 9/42 MP: 1/8
  3298 | D:4      | Reached skill level 1 in Staves
  3342 | D:4      | Reached skill level 1 in Evocations
  3349 | D:4      | Slain by an iguana

Illustrated notes

Levels and vault maps discovered:
D:1:      dpeg_arrival_three_same_balls, layout_basic
D:2:      layout_loops_ring, grunt_ministairs_7, palyth_stone_intersect
D:3:      layout_loops_cross, chequers_temple_overflow_minitemple, serial_bayou,
          serial_bayou_pond_d, serial_bayou_pond_c, serial_bayou_crossing,
          serial_bayou_pond_a, serial_bayou_pond_d, serial_bayou_shore_b,
          gammafunk_ghost_abyssal_escape, hellmonk_ecumenical_altar_heavens_door
D:4:      layout_basic, hex_intersection, uniq_robin, uniq_crazy_yiuf_cottage

Skill      XL: |  1  2  3  4  5 |
---------------+----------------+-----
Transmutations | 2 |  2.1
Conjurations   | 1 |  1.7
Earth Magic    | 4 |  4.3
Staves         | 1 |  1.1
Evocations     | 1 |  1.0
Dodging        | |  1.5
Stealth        | |  3.7
Spellcasting   | |  2.6

Action                   |  1- 3 |  4- 6 || total
-------------------------+-------+-------++-------
Melee: Staff             |       |    22 ||    22
 Cast: Sandblast         |    55 |    33 ||    88
       Stone Arrow       |       |     1 ||     1
  Use: Scroll            |     2 |     3 ||     5
       Potion            |     1 |     1 ||     2
Armor: Robe              |     5 |     8 ||    13
Dodge: Dodged            |    15 |    31 ||    46

Table legend: (Time is in decaauts)
 A = Elapsed time spent in this place.
 B = Non-inter-level travel time spent in this place.
 C = Inter-level travel time spent in this place.
 D = Time resting spent in this place.
 E = Time spent auto-exploring this place.
 F = Levels seen in this place.
 G = Mean time per level.
                   A        B        C        D        E       F      G
               +--------+--------+--------+--------+--------+-----+--------+
         Total |   4424 |   4307 |    117 |    602 |   3076 |   4 | 1106.0 |
       Dungeon |   4424 |   4307 |    117 |    602 |   3076 |   4 | 1106.0 |
               +--------+--------+--------+--------+--------+-----+--------+

Top non-repeatable levels by time:
     D:3: 1830 daAuts
     D:2: 1251 daAuts
     D:1: 935 daAuts
     D:4: 407 daAuts
